 Dungeon Crawl Stone Soup version 0.29-a0-813-g4a14ea37d6 (webtiles) character file.

Game seed: 8566232419737233847

181 purpskrrrp the Trooper (level 5, -3/42 HPs)
             Began as a Demonspawn Fighter on July 4, 2022.
             Slain by Crazy Yiuf
             ... wielding a +3 quarterstaff of chaos
              (9 damage)
             ... on level 3 of the Dungeon.
             The game lasted 00:12:04 (3907 turns).

purpskrrrp the Trooper (Demonspawn Fighter)         Turns: 3907, Time: 00:12:05

Health: -3/42      AC:  6    Str: 15 (18) XL:     5   Next: 34%
Magic:  5/5        EV:  9    Int:  8 (9)  God:
Gold:   149        SH:  4    Dex: 12 (13) Spells: 4/4 levels left

rFire   . . .      SeeInvis .   w - +2 spear (flame)
rCold   . . .      Faith    .   c - +0 buckler
rNeg    + . .      Spirit   .   b - +0 scale mail
rPois   .          Reflect  .   (no helmet)
rElec   .          Harm     .   (no cloak)
rCorr   .          Rampage  .   (no gloves)
Will    .....                   (no boots)
Stlth   ..........              (no amulet)
HPRegen 0.14/turn               f - ring of positive energy
MPRegen 0.09/turn               (no ring)

@: mighty, lethally poisoned (-3 -> -5)
A: powered by death 1, sturdy frame 1, weakness stinger 1
a: no special abilities


You were on level 3 of the Dungeon.
You visited 1 branch of the dungeon, and saw 3 of its levels.

You collected 149 gold pieces.

Inventory:

Hand Weapons
 a - a +0 long sword
 k - a +2 war axe of holy wrath
 w - a +2 spear of flaming (weapon)
Armour
 b - a +0 scale mail (worn)
 c - a +0 buckler (worn)
 m - the +1 robe "Gitrusir" {Int+3}
   (You found it on level 3 of the Dungeon)

   Int:       It affects your intelligence (+3).
 r - a +0 tower shield
Magical Staves
 i - a staff of poison
Jewellery
 f - a ring of positive energy (left hand)
Wands
 q - a wand of paralysis (6)
Scrolls
 e - 5 scrolls of teleportation
 h - 2 scrolls of identify {unknown}
 s - 3 scrolls of brand weapon {unknown}
 u - a scroll of poison
 v - a scroll of vulnerability {unknown}
Potions
 g - 2 potions of degeneration
 j - a potion of invisibility
 l - 2 potions of flight
 n - a potion of haste
 o - a potion of curing {unknown}
 p - a potion of cancellation {unknown}
 t - a potion of lignification {unknown}


   Skills:
 * Level 3.8 Fighting
 * Level 3.6 Long Blades
 * Level 3.6 Armour
 + Level 0.3 Dodging
 + Level 2.9 Shields


You had 4 spell levels left.
You didn't know any spells.
Your spell library contained the following spells:

 Spells                   Type           Power      Damage    Failure   Level
 Sting                    Tmut/Pois      0%         1d3       80%         1
 Poisonous Vapours        Pois/Air       0%         N/A       90%         2
 Call Canine Familiar     Summ           0%         N/A       99%         3
 Portal Projectile        Hex/Tloc       0%         N/A       99%         3
 Leda's Liquefaction      Hex/Erth       0%         N/A       100%        4
 Olgreb's Toxic Radiance  Pois           0%         N/A       100%        4


Dungeon Overview and Level Annotations

Branches:
Dungeon (3/15)

Altars:

Annotations:
D:3 Crazy Yiuf


Innate Abilities, Weirdness & Mutations

You regenerate a little health from kills.
Your movements are slightly less encumbered by armour. (ER -2)
You have a small tail.


Message History

There is a stone staircase leading down here.
Found 2 stones.
You see here a +0 sling.
You see here a +2 spear of flaming.
Crazy Yiuf shouts!
Could not explore, unopened runed door.
Could not explore, unopened runed door.
Crazy Yiuf says, "Seed unthinkable hand!"
Unknown command.
You see here a +2 spear of flaming.
You see here a +2 spear of flaming.
w - a +2 spear of flaming Your +2 spear of flaming bursts into flame!
w - a +2 spear of flaming (weapon)
You see here a +0 war axe.
Crazy Yiuf shouts!
You open the door.
Crazy Yiuf whimpers, "Two!
Whiteboard snail tortoise."
You hit Crazy Yiuf. You burn Crazy Yiuf. You tail-slap Crazy Yiuf.
Crazy Yiuf is heavily wounded.
Crazy Yiuf laughs, "Key!"
Crazy Yiuf hits you with a +3 quarterstaff of chaos!
You are poisoned.
You hit Crazy Yiuf. You burn Crazy Yiuf.
Crazy Yiuf is severely wounded.
You feel very sick.
Crazy Yiuf says, "Nubble snail ena!"
You block Crazy Yiuf's attack.
Crazy Yiuf drinks a potion.
Crazy Yiuf flickers and vanishes!
Deactivating autopickup; reactivate with Ctrl-A.
You closely miss something.
You feel sick. Something hits you.
You miss something.
Your tail-slap misses something.
You feel sick. Something hits you!
Something tries to affect you, but you resist.
You closely miss something. You tail-slap something.
You feel sick. Something hits you.
* * * LOW HITPOINT WARNING * * *
You feel very mighty all of a sudden.
You feel sick. Something hits you!
You die...

#.# #..###....#..<......... #.#
#..###....#.....#...... #.#
#.........#.....#..#### ####'###
##############..#...### #......#
#......... #......# #.........
##......##♣♣ ### #.##...###
.#.......#.♣♣ ♣♣#..)# #.##......
.#..........♣♣♣♣@{...# #.##.....<
##...........♣..♣#...# #.##......
.#.......#..♣.♣♣♣ ### #.##......
##......##♣♣♣♣♣ #.##......
........# #......... .#.######
#############..#.#....
##.#########..............#.#....
.#.....................[.........
.#.#.###........#.#.####.........


There were no monsters in sight!

Vanquished Creatures
  An orc priest (D:3)
  2 orc wizards (D:3)
  Terence (D:3)
  2 adders
  A worm (D:2)
  2 dart slugs
  2 orcs (D:3)
  5 bats
  2 endoplasms
  A giant cockroach (D:3)
  4 goblins
  6 hobgoblins
  2 jackals (D:2)
  3 quokkas
  9 ball pythons
  3 frilled lizards
  3 kobolds
  6 rats
55 creatures vanquished.

Notes
Turn   | Place    | Note
-------+----------+-------------------------------------------
     0 | D:1      | purpskrrrp the Demonspawn Fighter began the quest for the
                  | Orb.
     0 | D:1      | Reached XP level 1. HP: 18/18 MP: 1/1
   504 | D:1      | Gained mutation: You have a small tail. [demonic ancestry]
   504 | D:1      | Reached XP level 2. HP: 24/24 MP: 2/2
  1418 | D:2      | Reached XP level 3. HP: 29/29 MP: 3/3
  2301 | D:3      | Identified the +1 robe "Gitrusir" {Int+3}
  2366 | D:3      | Gained mutation: Your movements are slightly less
                  | encumbered by armour. (ER -2) [demonic ancestry]
  2366 | D:3      | Reached XP level 4. HP: 21/35 MP: 4/4
  3009 | D:3      | Gained mutation: You regenerate a little health from kills.
                  | [demonic ancestry]
  3009 | D:3      | Reached XP level 5. HP: 40/41 MP: 5/5
  3030 | D:3      | Noticed Terence
  3055 | D:3      | Killed Terence
  3443 | D:3      | Found a runed translucent door.
  3444 | D:3      | Noticed Crazy Yiuf
  3482 | D:3      | Found a faded altar of an unknown god.
  3907 | D:3      | Slain by Crazy Yiuf

Illustrated notes

Levels and vault maps discovered:
D:1:      lemuel_arrival_lava_pool, layout_basic, fountainhead
D:2:      layout_rooms, minmay_box_of_dots
D:3:      layout_basic, shapermc_ecumenical_altar_mp_vishouse, uniq_terence,
          uniq_crazy_yiuf_cottage

Skill      XL: |  1  2  3  4 |
---------------+-------------+-----
Long Blades    | 2 3 |  3.6
Armour         | 3 |  3.6
Fighting       | |  3.8
Dodging        | |  0.3
Shields        | |  2.9

Action                   |  1- 3 |  4- 6 || total
-------------------------+-------+-------++-------
Melee: Long sword        |   130 |    99 ||   229
       Tailslap          |     8 |    11 ||    19
       Spear             |       |     5 ||     5
  Use: Scroll            |     5 |     2 ||     7
       Potion            |       |     5 ||     5
Armor: Scale mail        |    77 |    39 ||   116
Dodge: Dodged            |    66 |    40 ||   106
Block: Buckler           |    35 |    20 ||    55

Table legend: (Time is in decaauts)
 A = Elapsed time spent in this place.
 B = Non-inter-level travel time spent in this place.
 C = Inter-level travel time spent in this place.
 D = Time resting spent in this place.
 E = Time spent auto-exploring this place.
 F = Levels seen in this place.
 G = Mean time per level.
                   A        B        C        D        E       F      G
               +--------+--------+--------+--------+--------+-----+--------+
         Total |   3960 |   3708 |    252 |    569 |   2571 |   3 | 1320.0 |
       Dungeon |   3960 |   3708 |    252 |    569 |   2571 |   3 | 1320.0 |
               +--------+--------+--------+--------+--------+-----+--------+

Top non-repeatable levels by time:
     D:3: 1635 daAuts
     D:2: 1174 daAuts
     D:1: 1150 daAuts
